Match 43787287
Unlisted

Match 43787287
End
Vickers Machine Gun Team
Construct Section Command Post
Selects Heavy Armor Battlegroup
Infantry Section
Infantry Section
Infantry Section
Construct Field Infirmary
Construct Platoon Command Post
Humber Armored Car
Royal Engineer Section
Selects Rigorous Vehicle Training
polo2B
Ursa Major
Nap
Niker1
.Cthulhu.
TaNkKGB
0
0

Comments sign in to comment!

No comments posted yet!